 Dungeon Crawl Stone Soup version 0.21-a0-104-g7b58145 (webtiles) character file.

3850 4thArraOfDagon the Summoner (level 9, 0/62 HPs)
             Began as a Demigod Summoner on July 5, 2017.
             Hit by a large rock thrown by a cyclops (35 damage)
             ... on level 9 of the Dungeon.
             The game lasted 00:25:52 (4577 turns).

4thArraOfDagon the Summoner (Demigod Summoner)      Turns: 4577, Time: 00:25:53

Health: 0/62       AC:  8    Str: 11    XL:     9   Next: 66%
Magic:  22/22      EV: 16    Int: 25    God:
Gold:   297        SH:  2    Dex: 16    Spells: 6/20 levels left

rFire    + . .     SeeInvis .   J - staff of summoning {!a}
rCold    + . .     Gourm    .   (no shield)
rNeg     . . .     Faith    .   j - +0 ring mail
rPois    +         Spirit   .   (no helmet)
rElec    .         Reflect  +   l - scarf {rC+ rF+}
rCorr    .         Harm     .   y - +0 pair of gloves
MR       .....                  G - +1 pair of boots
Stlth    +.........             p - +2 amulet of reflection
HPRegen  0.20/turn              A - +5 ring of evasion
MPRegen  0.18/turn              w - ring of poison resistance

@: no status effects
A: high mp 1
a: no special abilities


You were on level 9 of the Dungeon.
You were not hungry.

You visited 1 branch of the dungeon, and saw 9 of its levels.

You collected 429 gold pieces.
You spent 132 gold pieces at shops.

Inventory:

Hand Weapons
 n - a +2 dagger of draining
 E - a +0 flail of holy wrath
 H - a +3 war axe
 K - a +3 short sword of freezing
 L - a -2 long sword
 M - a +3 falchion of freezing
 N - a +2 trident of venom
 P - a +2 falchion of venom
Missiles
 q - 4 throwing nets (quivered)
Armour
 a - a +0 robe
 j - a +0 ring mail (worn)
 l - a scarf of resistance (worn)
 y - a +0 pair of gloves (worn)
 z - a +1 robe of the Archmagi
 C - a +0 scale mail of cold resistance
 F - a +2 leather armour of poison resistance
 G - a +1 pair of boots (worn)
Magical Staves
 J - an uncursed staff of summoning (weapon) {!a}
Jewellery
 g - an uncursed amulet of the gourmand
 k - a cursed ring of loudness {unknown}
 p - a +2 amulet of reflection (around neck)
 r - an uncursed ring of protection from magic
 w - a ring of poison resistance (right hand)
 A - a +5 ring of evasion (left hand)
 R - an uncursed ring of resist corrosion
Wands
 s - a wand of flame (20/48)
 u - a wand of scattershot (0/9)
 T - a wand of digging (14/24)
Scrolls
 d - 2 scrolls of fog {unknown}
 e - 3 scrolls of teleportation {unknown}
 f - a scroll of recharging {unknown}
 h - a scroll of blinking {unknown}
 t - 2 scrolls of amnesia
 x - 2 scrolls of enchant weapon
 S - a scroll of remove curse
 U - a scroll of immolation
Potions
 m - 5 potions of curing
 v - 3 potions of flight
 D - a potion of mutation
 I - a potion of haste
 Q - a potion of ambrosia
Books
 b - a book of Callings

   Spells                             Type                      Level
   a - Summon Small Mammal            Summoning                    1
   b - Call Imp                       Summoning                    2
   c - Call Canine Familiar           Summoning                    3
   d - Summon Guardian Golem          Hexes/Summoning              3
   e - Summon Lightning Spire         Summoning/Air                4
   f - Summon Ice Beast               Ice/Summoning                4
 i - a book of Necromancy

   Spells                             Type                      Level
   a - Pain                           Necromancy                   1
   b - Animate Skeleton               Necromancy                   1
   c - Vampiric Draining              Necromancy                   3
   d - Regeneration                   Charms/Necromancy            3
   e - Animate Dead                   Necromancy                   4
   f - Control Undead                 Necromancy                   4
 O - a book of Minor Magic

   Spells                             Type                      Level
   a - Magic Dart                     Conjuration                  1
   b - Blink                          Translocation                2
   c - Call Imp                       Summoning                    2
   d - Slow                           Hexes                        2
   e - Conjure Flame                  Conjuration/Fire             3
   f - Mephitic Cloud                 Conjuration/Poison/Air       3
Comestibles
 c - 8 bread rations
 o - 4 meat rations
 B - 4 chunks of flesh


   Skills:
 - Level 1.7 Dodging
 - Level 1.7 Stealth
 - Level 6.2 Spellcasting
 * Level 1.5 Charms
 - Level 11.5 Summonings
 * Level 1.5 Necromancy


You had 6 spell levels left.
You knew the following spells:

 Your Spells              Type           Power        Failure   Level  Hunger
a - Summon Small Mammal   Summ           ####         1%          1    None
b - Apportation           Tloc           #.....       19%         1    None
c - Call Canine Familiar  Summ           #######.     1%          3    None
d - Regeneration          Chrm/Necr      ###.......   28%         3    None
e - Summon Lightning Spi  Summ/Air       ######..     16%         4    ###....
f - Blink                 Tloc           N/A          26%         2    None


Dungeon Overview and Level Annotations

Branches:
Dungeon (9/15)             Temple (0/1) D:7
   Lair: D:8-11         Orc: D:9-12

Shops:
D:4 [   D:5 *   D:6 [

Annotations:
D:8 Joseph


Innate Abilities, Weirdness & Mutations

You have an increased reservoir of magic. (+10% MP)


Message History

Press: ? - help, v - describe, . - travel, g - get item A large shield.
The floor.
Unknown command.
Autopickup is now off.
You see here a book of Minor Magic.
Okay, then.
Unknown command.
O - a book of Minor Magic Memorise Blink, consuming 2 spell levels and leaving 6?
You start memorising the spell.
You continue memorising. x2
You finish memorising.
Spell assigned to 'f'.
A cyclops comes into view.
You see here a scroll of immolation.
Unknown command.
U - a scroll of immolation The cyclops shouts!
The cyclops throws a large rock.
The large rock hits you!!
Ouch! That really hurt!
You die...

#####..........# #..
#.........[# #..
#..........# #
#..........### .###.
#............##.....
#..................#
########...........#
#...h........
####@........
#.........
#.........
#.........
#.#######. #.# ...
..C


You could see a cyclops and a friendly warg.

Vanquished Creatures
  Pikel (D:7)
  The ghost of Charly the Ruffian, an amateur BaSk (D:6)
  3 yaks (D:9)
  A hungry ghost (D:8)
  Duvessa (D:7)
  A phantom (D:7)
  A big kobold (D:5)
  A bullfrog (D:9)
  6 killer bees
  A wight (D:7)
  A howler monkey (D:4)
  3 bullfrog zombies
  2 crimson imps (D:5)
  A jelly (D:8)
  2 orc priests (D:9)
  A hound (D:6)
  2 centaur skeletons
  3 worker ants
  A hound zombie (D:4)
  3 adders
  3 gnolls
  A howler monkey skeleton (D:7)
  2 shadow imps
  2 worms
  2 dart slugs
  3 leopard geckos
  18 orcs
  A giant cockroach (D:6)
  6 goblins
  A hobgoblin (D:3)
  6 quokkas
  3 ball pythons
  6 bats
  2 frilled lizards
  13 kobolds
  A leopard gecko zombie (D:5)
  2 quokka skeletons
  A rat (D:3)
  A butterfly (D:3)
110 creatures vanquished.

Vanquished Creatures (collateral kills)
  Prince Ribbit (D:7)
  4 yaks (D:9)
  A hungry ghost (D:8)
  Edmund (D:4)
  An ice beast (D:5)
  2 sky beasts
  A phantom (D:7)
  2 ogres
  2 centaurs (D:8)
  A crocodile (D:8)
  A big kobold (D:5)
  2 bullfrogs
  Dowan (D:7)
  A scorpion (D:6)
  2 killer bees
  4 wights (D:7)
  A crimson imp (D:7)
  2 hounds
  2 orc priests
  4 orc wizards
  Ijyb (D:3)
  A worker ant (D:5)
  An adder (D:9)
  7 gnolls
  2 oozes
  An adder skeleton (D:5)
  2 leopard geckos (D:1)
  15 orcs
  A bat (D:2)
  A giant cockroach (D:4)
  A hobgoblin (D:1)
  4 kobolds (D:5)
  A quokka (D:3)
  A leopard gecko skeleton (D:4)
  A quokka skeleton (D:4)
  2 rats (D:1)
78 creatures vanquished.

Vanquished Creatures (others)
  A plant (D:5)
1 creature vanquished.

Grand Total: 189 creatures vanquished

Notes
Turn   | Place    | Note
-------+----------+-------------------------------------------
     0 | D:1      | 4thArraOfDagon the Demigod Summoner began the quest for the Orb.
     0 | D:1      | Reached XP level 1. HP: 14/14 MP: 5/5
   137 | D:2      | Reached skill level 4 in Summonings
   221 | D:1      | Reached XP level 2. HP: 12/20 MP: 7/7
   415 | D:2      | Learned a level 1 spell: Apportation
   505 | D:1      | Reached XP level 3. HP: 9/26 MP: 8/8
   510 | D:1      | Learned a level 3 spell: Call Canine Familiar
   823 | D:3      | Reached skill level 5 in Summonings
  1018 | D:3      | Reached XP level 4. HP: 29/33 MP: 7/9
  1053 | D:3      | Noticed Ijyb
  1081 | D:3      | Killed Ijyb
  1140 | D:3      | Found a burning altar of Makhleb.
  1380 | D:4      | Found Ahalytsot's Antique Armour Shoppe.
  1392 | D:4      | Reached skill level 6 in Summonings
  1392 | D:4      | Reached XP level 5. HP: 31/38 MP: 6/10
  1622 | D:4      | Noticed Edmund
  1638 | D:4      | Killed Edmund
  1718 | D:5      | Entered Level 5 of the Dungeon
  1718 | D:5      | Found Hunudom's Assorted Antiques.
  1723 | D:5      | Bought a scroll labeled COEQEO GACITT for 27 gold pieces
  1723 | D:5      | Bought a scroll labeled COSUGU QIU for 27 gold pieces
  1723 | D:5      | Bought a scroll labeled CUTIGR FUSUGEH for 27 gold pieces
  1723 | D:5      | Bought a scroll labeled COEQEO GACITT for 27 gold pieces
  1723 | D:5      | Bought a blue potion for 24 gold pieces
  1788 | D:5      | Reached XP level 6. HP: 45/45 MP: 7/11
  1827 | D:5      | Reached skill level 7 in Summonings
  2175 | D:5      | Reached skill level 8 in Summonings
  2390 | D:5      | Learned a level 3 spell: Regeneration
  2528 | D:6      | Reached XP level 7. HP: 43/50 MP: 9/12
  2535 | D:6      | Found a deep blue altar of Sif Muna.
  2546 | D:6      | Noticed Charly's ghost (amateur BaSk)
  2594 | D:6      | Killed Charly's ghost
  2716 | D:6      | Reached skill level 9 in Summonings
  2872 | D:6      | Found Bymim's Antique Armour Emporium.
  3063 | D:7      | Found a radiant altar of Vehumet.
  3090 | D:7      | Reached XP level 8. HP: 22/57 MP: 8/13
  3269 | D:7      | Found a sparkling altar of Nemelex Xobeh.
  3278 | D:7      | Found a staircase to the Ecumenical Temple.
  3310 | D:7      | Noticed Duvessa
  3311 | D:7      | Noticed Dowan
  3316 | D:7      | Killed Duvessa
  3316 | D:7      | Reached skill level 10 in Summonings
  3323 | D:7      | Killed Dowan
  3357 | D:7      | Noticed Prince Ribbit
  3425 | D:7      | Found a sacrificial altar of Ru.
  3534 | D:7      | Killed Prince Ribbit
  3593 | D:7      | Noticed Pikel
  3600 | D:7      | Killed Pikel
  3600 | D:7      | Reached skill level 11 in Summonings
  3765 | D:8      | Found a bloodstained altar of Trog.
  3809 | D:8      | Reached XP level 9. HP: 32/62 MP: 14/16
  3817 | D:8      | Learned a level 4 spell: Summon Lightning Spire
  3975 | D:8      | Found a white marble altar of Elyvilon.
  4132 | D:9      | Reached skill level 5 in Spellcasting
  4371 | D:8      | Noticed Joseph
  4517 | D:9      | Reached skill level 1 in Charms
  4517 | D:9      | Reached skill level 1 in Necromancy
  4574 | D:9      | Learned a level 2 spell: Blink
  4576 | D:9      | Noticed a cyclops
  4577 | D:9      | Hit by a large rock thrown by a cyclops

Vault maps used:
D:1:      grunt_arrival_crossed_arrows, kennysheep_boxes
D:2:      first_bread, okawaru_altar_gauntlet_db
D:3:      xom_butterflies, nicolae_overflow_crystal_walls, uniq_ijyb
D:4:      serial_shops, nicolae_shop_overgrown_old_shop, uniq_edmund
D:5:      serial_shops, shop, lexackson_kobold_supper
D:6:      lemuel_round_altar, serial_shops, nicolae_shop_stone
D:7:      kennysheep_little_box, nemelex_xobeh_ov_fountains_minmay,
          nicolae_ru_path_of_blood, minmay_temple_entry_glass, serial_shops,
          shop, the_bakery, hangedman_decor_points, uniq_prince_ribbit1,
          uniq_pikel, uniq_duvessa
D:8:      lemuel_doored_altar, elyvilon_altar_3, minmay_nine_imps, uniq_joseph
D:9:      lair_entry_dummy, corner_web_ring

Skill      XL: |  1  2  3  4  5  6  7  8  9 |
---------------+----------------------------+-----
Summonings     | 4 5 6 8 9 11 | 11.5
Spellcasting   | 2 6 |  6.2
Charms         | 1 |  1.5
Necromancy     | 1 |  1.5
Dodging        | |  1.7
Stealth        | |  1.7

Action                   |  1- 3 |  4- 6 |  7- 9 || total
-------------------------+-------+-------+-------++-------
Melee: Unarmed           |     9 |       |       ||     9
       Dagger            |    77 |   111 |       ||   188
       Short sword       |       |    84 |    42 ||   126
       Falchion          |       |       |   182 ||   182
 Cast: Summon Small Mamm |    17 |     2 |       ||    19
       Call Canine Famil |     5 |    13 |    21 ||    39
Evoke: Wand              |       |       |     7 ||     7
  Use: Scroll            |       |    12 |     3 ||    15
       Potion            |       |       |     5 ||     5
 Stab: Sleeping          |     1 |     1 |       ||     2
       Distracted        |     1 |     2 |     1 ||     4
  Eat: Chunk             |     1 |     6 |     8 ||    15
       Royal jelly       |       |       |     2 ||     2
       Fruit             |       |       |     1 ||     1
Armor: Robe              |    11 |       |       ||    11
       Ring mail         |    27 |    66 |    61 ||   154
       Skin              |       |       |    47 ||    47
Dodge: Dodged            |    60 |   108 |   202 ||   370
Block: Other             |     7 |    12 |    23 ||    42
       Rpst.: Falchion   |       |       |    49 ||    49
